AoeStats
← Corsica

Fortress

508981011Analyzed
4v4 RM · 7d ago on Sep 24, 2026· 21m 16s· 8 players
Game mode
Random Map
Map size
Huge
Population
200
Speed
Normal
Resources
Standard
Victory
Conquest
Starting age
Dark Age
Ending age
Imperial Age
RankedLock teamsTeams togetherTeam positionsShared explorationLock speedFull tech treeHidden civsTurbo modeCheats
Victory
Defeat
🇨🇦 Mongols · Canada
1356
+13
🇵🇹 Sicilians · Portugal
1343
+14
🇨🇴 Goths · Colombia
1281
+17
🇵🇦 Cumans · Panama
1278
+16
🇦🇷 Bulgarians · Argentina
1317
-16
🇦🇷 Portuguese · Argentina
1293
-15
🇨🇱 Malay · Chile
1292
-15
🇧🇷 Teutons · Brazil
1266
-14
lucasmauriciogona
7:37 Feudal Age
8:17 Loom
11:20 Castle Age
9:27 Double-Bit Axe
10:13 Horse Collar
11:57 Bow Saw
17:30 Wheelbarrow
18:11 Gold Mining
19:54 Heavy Plow
23:50 Imperial Age
21:37 Hand Cart
Mishilover
9:16 Feudal Age
10:50 Double-Bit Axe
13:38 Castle Age
11:42 Horse Collar
16:49 Imperial Age
15:21 Gambesons
15:36 Squires
15:38 Scale Mail Armor
15:49 Forging
16:12 Chain Mail Armor
17:18 Squires
18:00 Plate Mail Armor
16:54 Capped Ram
18:55 Loom
18:47 Siege Ram
Rōnin
5:12 Loom
8:16 Feudal Age
9:24 Double-Bit Axe
9:41 Loom
10:53 Horse Collar
13:25 Castle Age
12:29 Fletching
12:48 Gold Mining
14:38 Bow Saw
14:39 Bodkin Arrow
15:59 Wheelbarrow
16:22 Town Watch
17:26 Hand Cart
17:21 Stone Mining
19:39 Bloodlines
19:35 Scale Barding Armor
20:12 Forging
JUNCAL
6:23 Feudal Age
6:51 Double-Bit Axe
6:48 Horse Collar
12:36 Castle Age
13:47 Bow Saw
13:50 Gold Mining
14:52 Wheelbarrow
14:43 Scale Barding Armor
16:00 Loom
19:12 Hand Cart
Corsica
7:43 Feudal Age
11:21 Castle Age
9:38 Horse Collar
9:44 Double-Bit Axe
12:49 Bow Saw
16:13 Wheelbarrow
15:41 Loom
18:02 Fletching
20:45 Town Watch
York
6:48 Feudal Age
8:56 Double-Bit Axe
11:35 Castle Age
9:25 Horse Collar
12:34 Bow Saw
19:03 Heavy Plow
19:34 Loom
21:47 Wheelbarrow
Mahore
7:09 Feudal Age
11:34 Castle Age
12:28 Forging
14:24 Iron Casting
14:00 Loom
18:48 Scale Mail Armor
20:42 Double-Bit Axe
BARAKA wins!
7:25 Feudal Age
9:23 Loom
9:34 Double-Bit Axe
12:08 Castle Age
9:58 Horse Collar
13:10 Bow Saw
13:52 Heavy Plow
16:23 Gold Mining
18:08 Wheelbarrow
Connection lost

Rejoining the realm…

Still unreachable

The connection could not be restored.

Session expired

The server has moved on; the page needs a fresh start.